 Dungeon Crawl Stone Soup version 0.26-a0-660-gc07710193c (webtiles) character file.

Game seed: 17535564824602595005

97 robertstho the Chopper (level 4, -1/28 HPs)
             Began as a Gargoyle Monk on Oct 6, 2020.
             Killed from afar by an orc wizard (10 damage)
             ... with a puff of frost
             ... on level 4 of the Dungeon.
             The game lasted 00:02:55 (2782 turns).

robertstho the Chopper (Gargoyle Monk)              Turns: 2782, Time: 00:02:55

Health: -1/28      AC:  6    Str: 15    XL:     4   Next: 68%
Magic:  4/4        EV: 14    Int: 11    God:
Gold:   224        SH:  0    Dex: 12    Spells: 3/3 levels left

rFire    + . .     SeeInvis .   a - +0 hand axe
rCold    . . .     Faith    .   (no shield)
rNeg     + + .     Spirit   .   x - +0 scale mail
rPois    ∞         Reflect  .   (no helmet)
rElec    +         Harm     .   (no cloak)
rCorr    .         Rampage  .   (no gloves)
MR       +....                  (no boots)
Stlth    +.........             (no amulet)
HPRegen  0.09/turn              c - +4 ring of evasion
MPRegen  0.09/turn              u - ring of positive energy

@: no status effects
A: deformed body, fire resistance 1, magic resistance 1, negative energy
resistance 1, electricity resistance, unbreathing, petrification resistance, rot
immunity, AC +3
a: no special abilities


You were on level 4 of the Dungeon.
You visited 1 branch of the dungeon, and saw 4 of its levels.

You collected 224 gold pieces.

Inventory:

Hand Weapons
 a - a +0 hand axe (weapon)
Missiles
 w - 7 poisoned darts (quivered)
Armour
 x - a +0 scale mail (worn)
Jewellery
 c - a +4 ring of evasion (left hand)
 u - a ring of positive energy (right hand)
Scrolls
 e - 3 scrolls of teleportation {unknown}
 f - a scroll of fog {unknown}
 g - 5 scrolls of identify {unknown}
 h - 2 scrolls of fear {unknown}
 k - a scroll of enchant weapon {unknown}
 m - a scroll of amnesia {unknown}
 p - 2 scrolls of immolation {unknown}
 q - a scroll of random uselessness {unknown}
 t - a scroll of blinking {unknown}
 v - a scroll of remove curse {unknown}
Potions
 d - a potion of flight
 i - a potion of mutation
 j - a potion of resistance {unknown}
 l - 2 potions of cancellation
 n - a potion of heal wounds
 o - a potion of magic
 r - a potion of curing {unknown}
 s - a potion of might {unknown}


   Skills:
 * Level 3.6 Fighting
 * Level 3.9 Axes
 * Level 1.2 Armour
 * Level 2.9 Dodging
 + Level 2.5 Stealth


You had 3 spell levels left.
You didn't know any spells.
Your spell library contained the following spells:

 Spells                   Type           Power        Failure   Level
 Beastly Appendage        Tmut           #.....       82%         1
 Wereblood                Tmut           #.......     91%         2
 Spider Form              Tmut/Pois      #.........   99%         3
 Ice Form                 Ice/Tmut       #.......     100%        4
 Blade Hands              Tmut           #.........   100%        5


Dungeon Overview and Level Annotations

Branches:
Dungeon (4/15)
 Temple: D:4-7

Altars:
Kikubaaqudgha
Yredelemnul

Annotations:
D:3 2 transporters, Menkaure


Innate Abilities, Weirdness & Mutations

You are resistant to torment.
Your stone body is resilient. (AC +3)
You are immune to poison.
You resist negative energy. (rN+)
You are resistant to electric shocks. (rElec)
You can survive without breathing.
You are immune to petrification.
You are immune to rotting.
Armour fits poorly on your strangely shaped body.
Your flesh is heat resistant. (rF+)
You are resistant to hostile enchantments. (MR+)


Message History

The orc barely misses you.
Unknown command.
You closely miss the orc wizard.
The orc wizard is severely wounded.
You barely miss the orc.
The orc wizard gestures wildly while chanting.
The orc wizard seems to speed up.
The orc hits you but does no damage.
Unknown command.
You miss the orc wizard.
The orc wizard is severely wounded.
You hit the orc but do no damage.
The orc wizard gestures at you while chanting.
The magic dart hits you! The orc misses you. The orc wizard misses you.
Unknown command.
You hit the orc wizard.
The orc wizard is severely wounded.
You hit the orc. The orc wizard barely misses you. The orc barely misses you.
The orc wizard casts a spell at you. The puff of frost hits you!
You die...

..........#..#
.<..........#.
.............##
..............
#..........#
#..........##.#
##...)o)......
#.....@)......
#....o)....##.
#......>...#
#.........##
#.........#
#...........
#...#.#....##
...#.#.#...#
#..# # # #..#


You could see an orc wizard (fast) and an orc.

Vanquished Creatures
  An orc wizard (D:4)
  2 adders
  An ooze (D:1)
  A worm (D:2)
  A dart slug (D:1)
  3 orcs (D:4)
  6 bats
  4 giant cockroaches (D:1)
  7 hobgoblins
  4 quokkas
  3 frilled lizards
  6 goblins
  9 kobolds
  3 rats
51 creatures vanquished.

Notes
Turn   | Place    | Note
-------+----------+-------------------------------------------
     0 | D:1      | robertstho the Gargoyle Monk began the quest for the Orb.
     0 | D:1      | Reached XP level 1. HP: 14/14 MP: 1/1
   360 | D:1      | Reached XP level 2. HP: 19/19 MP: 2/2
   752 | D:1      | Reached XP level 3. HP: 23/23 MP: 3/3
  1459 | D:2      | Found a faded altar of an unknown god.
  1801 | D:2      | Reached XP level 4. HP: 27/28 MP: 4/4
  1965 | D:3      | Found a basalt altar of Yredelemnul.
  1966 | D:3      | Found a transporter.
  1966 | D:3      | Noticed a necrophage
  1966 | D:3      | Noticed Menkaure
  1968 | D:3      | Found an ancient bone altar of Kikubaaqudgha.
  2059 | D:3      | Found a transporter.
  2332 | D:3      | Reached skill level 1 in Armour
  2770 | D:4      | Gained mutation: Armour fits poorly on your strangely
                  | shaped body. [potion of mutation]
  2770 | D:4      | Gained mutation: Your flesh is heat resistant. (rF+)
                  | [potion of mutation]
  2770 | D:4      | Gained mutation: You are resistant to hostile enchantments.
                  | (MR+) [potion of mutation]
  2782 | D:4      | Killed from afar by an orc wizard

Illustrated notes

Levels and vault maps discovered:
D:1:      dpeg_arrival_signposts, layout_basic, minmay_misc_feat_five,
          minmay_pentomino_p4
D:2:      layout_loops_ring, chequers_ecumenical_altar_twisty
D:3:      layout_loops_corners, gammafunk_temple_of_torment
D:4:      layout_rooms, grunt_temple_overflow_order_and_chaos_1,
          minmay_temple_entry_grid, fedhas_altar_3, uniq_edmund

Skill      XL: |  1  2  3  4 |
---------------+-------------+-----
Axes           | 3 |  3.9
Armour         | 1 |  1.2
Fighting       | |  3.6
Dodging        | |  2.9
Stealth        | |  2.5

Action                   |  1- 3 |  4- 6 || total
-------------------------+-------+-------++-------
Melee: Hand axe          |   136 |    66 ||   202
  Use: Potion            |       |     5 ||     5
 Stab: Sleeping          |     4 |     3 ||     7
Armor: Robe              |    33 |     3 ||    36
       Scale mail        |       |    28 ||    28
Dodge: Dodged            |   112 |   100 ||   212

Table legend: (Time is in decaauts)
 A = Elapsed time spent in this place.
 B = Non-inter-level travel time spent in this place.
 C = Inter-level travel time spent in this place.
 D = Time resting spent in this place.
 E = Time spent auto-exploring this place.
 F = Levels seen in this place.
 G = Mean time per level.
                   A        B        C        D        E       F      G
               +--------+--------+--------+--------+--------+-----+--------+
         Total |   2806 |   2769 |     37 |     19 |   2317 |   4 |  701.5 |
       Dungeon |   2806 |   2769 |     37 |     19 |   2317 |   4 |  701.5 |
               +--------+--------+--------+--------+--------+-----+--------+

Top non-repeatable levels by time:
     D:1: 1123 daAuts
     D:3: 828 daAuts
     D:2: 818 daAuts
     D:4: 35 daAuts
